 Dungeon Crawl Stone Soup version 0.25.1-9-gc5326a611f (webtiles) character file.

Game seed: 5934235920451682646

48131 sixsigma the Thaumaturge (level 14, -7/162 HPs)
             Began as a Gnoll Wizard on Dec 22, 2020.
             Was a High Priest of Ashenzari.
             Mangled by an orc knight
             ... wielding the +8 battleaxe of Hubris {antimagic, +Blink MR++ MP+9 SInv Stlth-}
              (39 damage)
             ... on level 1 of the Orcish Mines.
             The game lasted 00:52:45 (30706 turns).

sixsigma the Thaumaturge (Gnoll Wizard)            Turns: 30706, Time: 00:52:45

Health: -7/162     AC: 16    Str: 21    XL:     14   Next: 45%
Magic:  0/29       EV: 14    Int: 25    God:    Ashenzari [*****.]
Gold:   1150       SH:  0    Dex: 13    Spells: 10/35 levels left

rFire    + + .     SeeInvis +     - Unarmed
rCold    x . .     Gourm    .   (shield currently unavailable)
rNeg     . . .     Faith    +   (armour currently unavailable)
rPois    +         Spirit   .   (helmet currently unavailable)
rElec    .         Reflect  .   (cloak currently unavailable)
rCorr    .         Harm     .   (gloves currently unavailable)
MR       +....     Clarity  +   (boots currently unavailable)
Stlth    +++++.....             K - amulet of faith (curse)
HPRegen  0.37/turn              Z - +4 ring of evasion (curse)
MPRegen  0.21/turn              g - ring of stealth (curse)

@: dragon-form, berserk cooldown, flying, slowed, invisible, very slow
A: giant, distributed training, strong nose
a: End Transformation, Curse Item, Scrying, Renounce Religion, Breathe Fire


You were on level 1 of the Orcish Mines.
You worshipped Ashenzari.
Ashenzari was extremely pleased with you.
You were not hungry.
You were a fearsome dragon!
You visited 4 branches of the dungeon, and saw 18 of its levels.
You also visited: Ossuary and Bailey.

You collected 1920 gold pieces.
You spent 770 gold pieces at shops.

Inventory:

Hand Weapons
 N - the cursed +5 flail "Arcanum" (melded) {pain, rF- Int+5}
   (You took it off an orc on level 9 of the Dungeon)

   In the hands of one skilled in necromantic magic, it inflicts extra damage on
   living creatures.
   It affects your intelligence (+5).
   It makes you vulnerable to fire.
   It has a curse placed upon it.
Missiles
 m - 46 poisoned darts (quivered)
 Q - 13 throwing nets
Armour
 a - a +0 robe
 b - a +0 hat
 v - a +2 pair of gloves (melded)
 x - a +0 helmet (melded)
 D - a cursed +1 buckler (melded)
 T - a cursed +2 robe of magic resistance (melded)
Magical Staves
 u - an uncursed staff of air
 W - an uncursed staff of energy
Jewellery
 g - a cursed ring of stealth (right foreclaw)
 B - an uncursed ring of protection from fire
 E - an uncursed ring of see invisible
 J - an uncursed ring of positive energy
 K - a cursed amulet of faith (around neck)
 U - a +4 ring of evasion
 Y - an uncursed ring of protection from cold
 Z - a cursed +4 ring of evasion (left foreclaw)
Wands
 f - a wand of disintegration (12)
 H - a wand of polymorph (35)
 O - a wand of iceblast (6)
 P - a wand of paralysis (2)
 X - a wand of digging (3)
Scrolls
 c - 5 scrolls of remove curse
 i - 5 scrolls of identify
 l - 2 scrolls of amnesia
 n - 3 scrolls of noise
 s - 6 scrolls of immolation
 t - 7 scrolls of teleportation
 F - 4 scrolls of fog
 I - 5 scrolls of magic mapping
 M - 2 scrolls of vulnerability
 R - a scroll of brand weapon
Potions
 d - 4 potions of flight
 e - 4 potions of might
 k - 2 potions of resistance
 p - 4 potions of mutation
 q - 6 potions of magic
 r - 4 potions of haste
 w - 4 potions of cancellation
 y - 4 potions of lignification
 A - 16 potions of curing
 G - 5 potions of stabbing
Miscellaneous
 S - a box of beasts
Comestibles
 z - 31 rations


   Skills:
 + Level 9.1 Fighting
 + Level 9.1 Short Blades
 + Level 9.1 Long Blades
 + Level 9.1 Axes
 + Level 9.1(12.9) Maces & Flails
 + Level 9.1 Polearms
 + Level 9.1 Staves
 + Level 9.1 Slings
 + Level 9.1 Bows
 + Level 9.1 Crossbows
 + Level 9.1 Throwing
 + Level 9.1 Armour
 + Level 10.1 Dodging
 + Level 10.0 Stealth
 + Level 9.1(11.6) Shields
 + Level 9.1 Unarmed Combat
 + Level 11.3 Spellcasting
 + Level 7.9(11.9) Conjurations
 + Level 7.5(11.5) Hexes
 + Level 7.5(11.5) Charms
 + Level 7.9(11.9) Summonings
 + Level 7.5(11.5) Necromancy
 + Level 7.9(11.9) Translocations
 + Level 7.5(11.5) Transmutations
 + Level 7.5(11.5) Fire Magic
 + Level 7.5(11.5) Ice Magic
 + Level 7.5(11.5) Air Magic
 + Level 7.5(11.5) Earth Magic
 + Level 7.5(11.5) Poison Magic
 + Level 9.9 Invocations
 + Level 9.1(12.9) Evocations


You had 10 spell levels left.
You knew the following spells:

 Your Spells              Type           Power        Failure   Level  Hunger
a - Magic Dart            Conj           ####         1%          1    None
b - Blink                 Tloc           N/A          1%          2    None
c - Call Imp              Summ           ######..     1%          2    None
d - Mephitic Cloud        Conj/Pois/Air  ######..     1%          3    None
e - Summon Lightning Spi  Summ/Air       ######..     1%          4    None
f - Dragon Form           Tmut           ######....   30%         7    ######.
s - Statue Form           Tmut/Erth      ######...    5%          6    #####..

Your spell library contained the following spells:

 Spells                   Type           Power        Failure   Level  Hunger
 Foxfire                  Conj/Fire      ####         1%          1    None
 Summon Butterflies       Summ           ######..     1%          1    None
 Summon Small Mammal      Summ           ####         1%          1    None
 Slow                     Hex            ######..     1%          2    None
 Call Canine Familiar     Summ           ######..     1%          3    None
 Conjure Flame            Conj/Fire      ######..     1%          3    None
 Inner Flame              Hex/Fire       ######..     1%          3    None
 Summon Guardian Golem    Hex/Summ       ######..     1%          3    None
 Cause Fear               Hex            ######....   1%          4    None
 Sticky Flame             Conj/Fire      ######..     1%          4    None
 Summon Ice Beast         Ice/Summ       ######..     1%          4    None
 Fireball                 Conj/Fire      ######....   1%          5    ###....
 Irradiate                Conj/Tmut      ######....   1%          5    ###....
 Silence                  Hex/Air        ######....   1%          5    ###....
 Hydra Form               Tmut           ######....   5%          6    #####..
 Spellforged Servitor     Conj/Summ      ######....   26%         7    ######.


Dungeon Overview and Level Annotations

Branches:
Dungeon (11/15)            Temple (1/1) D:6            Lair (5/6) D:8
  Swamp (0/4) Lair:3       Spider (0/4) Lair:3        Slime (0/5) Lair:5
    Orc (1/2) D:9         Ossuary (visited)          Bailey (visited)

Altars:
Ashenzari
Cheibriados
Dithmenos
Elyvilon
Fedhas
Gozag
Hepliaklqana
Kikubaaqudgha
Makhleb
Nemelex Xobeh
Okawaru
Qazlal
Ru
Sif Muna
Trog
Vehumet
Wu Jian
Xom
Yredelemnul
Zin
The Shining One
Beogh

Shops:
D:7 :   D:11 *   Orc:1 }

Annotations:
Lair:1 exclusion: 2 oklob plants
Lair:2 1 runed translucent door, t4s4d4r's ghost, novice FeIE
Orc:1 1 transporter, Jaiteiro's ghost, journeyman VSFi


Innate Abilities, Weirdness & Mutations

Your experience applies equally to all skills.
((You have very sharp teeth.))
Your uncanny sense of smell can sniff out nearby items.


Message History

Your orc wizard dies!
Your orc wizard's corpse dissolves into shadows!
The orc warrior hits your orc warrior with a +0 hand axe!
The orc knight hits you with the +8 battleaxe of Hubris {antimagic, +Blink MR++ MP+9 SInv Stlth-}!
* * * LOW HITPOINT WARNING * * *
The orc knight barely misses your orc warrior.
The orc knight hits your orc warrior but does no damage.
Jaiteiro's ghost misses you. The orc warrior barely misses your orc.
The orc warrior hits your orc warrior with a +0 hand axe.
Casting: Dragon Form (dangerous; 30% risk of failure)
Confirm with . or Enter, or press ? or * to list all spells.
You don't have enough magic to cast that spell.
Okay, then.
You fade into invisibility!
The orc warrior hits your orc with a +0 hand axe!
Your orc dies!
Your orc's corpse dissolves into shadows!
The orc warrior hits your orc warrior with a +0 hand axe!
The orc knight hits you with the +8 battleaxe of Hubris {antimagic, +Blink MR++ MP+9 SInv Stlth-}!!!
You die...

#...#.#..........................
............................##...
............................#....
..##...(.........................
...#...#.........................
....#.#.(..(.....................
...####....(....©.............##.
.### #........#####.......#...###
## ##.#...###oDo###......#.##
##...##..Wo#####.#..####
##..#ooooO##..#.....#
#.##o...y≈##.##.#.##
#.#o...)†.#...#..##
#.#..##(_$....#...#
#.#..#≈.?=##..#..##
#.######.#≈#.##.##
#..##....#####..#


You could see an orc knight (berserk), a two-headed ogre (berserk), a moth of
wrath, an orc warrior (berserk), Jaiteiro's ghost, 3 friendly orc warriors, a
friendly orc wizard (summoned) and 3 friendly orcs.

Vanquished Creatures
  An orc warlord (Orc:1)
  A dire elephant (Lair:4)
  4 hydras
  2 catoblepae (Lair:5)
  2 two-headed ogres
  An orc high priest (Orc:1)
  Nergalle (Lair:1)
  3 unseen horrors
  3 orc knights (Orc:1)
  A wolf spider (Lair:3)
  19 elephants
  A centaur skeleton (D:10)
  4 black mambas
  5 spiny frogs
  Joseph (D:8)
  A komodo dragon (Lair:4)
  3 rime drakes (Lair:5)
  2 trolls (Orc:1)
  2 polar bears (Lair:5)
  5 blink frogs
  A bog body (Lair:3)
  3 hippogriffs
  A spriggan (Lair:4)
  27 yaks
  2 wyverns
  A basilisk (Lair:3)
  A hungry ghost (D:11)
  A steam dragon (Lair:3)
  Menkaure (Ossuary)
  2 wargs (Orc:1)
  An acid dragon (D:11)
  14 water moccasins
  7 porcupines
  A black bear (D:7)
  Duvessa (D:7)
  An ice beast (D:7)
  A sky beast (D:11)
  2 phantoms
  20 orc warriors (Orc:1)
  7 wolves
  3 centaurs
  5 ogres
  6 crocodiles
  2 big kobolds
  A wyvern zombie (D:11)
  15 bullfrogs
  2 gnoll sergeants (Bailey)
  Dowan (D:7)
  2 scorpions
  2 electric eels (D:11)
  7 howler monkeys
  2 crimson imps
  A bullfrog zombie (D:5)
  A hound (Bailey)
  8 orc priests
  17 jellies
  2 bullfrog skeletons
  A gnoll shaman (Bailey)
  14 orc wizards
  2 iguanas
  6 worker ants
  Natasha (twice) (D:4)
  A killer bee zombie (D:6)
  3 mummies (Ossuary)
  A worker ant zombie (D:5)
  A howler monkey skeleton (D:5)
  Robin (D:4)
  A howler monkey zombie (D:8)
  10 gnolls
  10 adders
  4 shadow imps
  2 oozes
  An adder zombie (D:6)
  2 worms
  5 dart slugs
  8 leopard geckos
  53 orcs
  2 giant cockroaches
  24 goblins
  18 hobgoblins
  15 jackals
  A quokka (D:7)
  2 ball pythons (D:4)
  10 bats
  4 frilled lizards
  6 gnoll skeletons (Ossuary)
  5 gnoll zombies
  2 goblin skeletons (Ossuary)
  3 goblin zombies (Ossuary)
  5 hobgoblin skeletons (Ossuary)
  3 hobgoblin zombies (Ossuary)
  16 kobolds
  3 kobold skeletons (Ossuary)
  4 kobold zombies (Ossuary)
  3 orc skeletons (Ossuary)
  4 orc zombies (Ossuary)
  A quokka skeleton (D:8)
  10 rats
  2 rat skeletons (Ossuary)
  3 rat zombies (Ossuary)
508 creatures vanquished.

Vanquished Creatures (collateral kills)
  A stone giant (Orc:1)
  Harold (D:10)
  A two-headed ogre (D:11)
  An orc sorcerer (Orc:1)
  An ugly thing (D:11)
  Psyche (D:11)
  5 spiny frogs
  5 komodo dragons
  A troll (D:9)
  A bog body (Lair:3)
  A hornet (D:10)
  3 slime creatures (D:11)
  3 blink frogs (Lair:2)
  A hippogriff (D:10)
  3 wyverns (D:8)
  10 yaks
  3 basilisks
  2 porcupines
  3 water moccasins
  A swamp drake (D:8)
  2 orc warriors
  An ice beast (D:10)
  A black bear (Lair:1)
  2 phantoms (D:8)
  An eye of draining (D:10)
  3 ogres
  4 wolves (Lair:1)
  3 crocodiles
  5 centaurs
  Blork the orc (D:5)
  6 bullfrogs
  7 gnoll sergeants
  3 scorpions
  3 howler monkeys
  2 centaur zombies
  3 crimson imps
  A hound (Bailey)
  3 jellies (D:8)
  An orc priest (D:9)
  5 gnoll shamans (Bailey)
  3 orc wizards
  Natasha (D:4)
  An iguana (D:9)
  2 worker ants (D:10)
  19 gnolls
  A howler monkey skeleton (D:11)
  An adder (D:9)
  5 oozes
  An adder skeleton (D:8)
  A dart slug (D:4)
  11 orcs
  A gnoll zombie (Ossuary)
  2 goblins
  2 hobgoblins
  A jackal (D:8)
  3 kobolds
  A quokka (D:3)
  A goblin skeleton (Ossuary)
  A goblin zombie (Ossuary)
  A hobgoblin skeleton (Ossuary)
  A kobold zombie (Ossuary)
  2 orc skeletons (Ossuary)
  A rat zombie (Ossuary)
168 creatures vanquished.

Vanquished Creatures (others)
  An orc wizard (Orc:1)
  A rat zombie (Ossuary)
  A bush (Lair:5)
  43 fungi
  17 plants
63 creatures vanquished.

Grand Total: 739 creatures vanquished

Notes
Turn   | Place    | Note
-------+----------+-------------------------------------------
     0 | D:1      | sixsigma the Gnoll Wizard began the quest for the Orb.
     0 | D:1      | Reached XP level 1. HP: 13/13 MP: 8/8
   144 | D:1      | You fall into a shaft and drop 1 floor!
   438 | D:2      | Reached XP level 2. HP: 19/19 MP: 3/10
   471 | D:2      | Learned a level 2 spell: Blink
   474 | D:2      | Learned a level 2 spell: Call Imp
   752 | D:1      | Reached XP level 3. HP: 25/25 MP: 9/11
   763 | D:1      | Learned a level 3 spell: Mephitic Cloud
  1430 | D:2      | Reached skill level 1 in Invocations
  1564 | D:2      | Found a blossoming altar of Fedhas.
  1886 | D:2      | Reached skill level 1 in Fighting
  1886 | D:2      | Reached skill level 1 in Short Blades
  1886 | D:2      | Reached skill level 1 in Long Blades
  1886 | D:2      | Reached skill level 1 in Axes
  1886 | D:2      | Reached skill level 1 in Maces & Flails
  1886 | D:2      | Reached skill level 1 in Polearms
  1886 | D:2      | Reached skill level 1 in Staves
  1886 | D:2      | Reached skill level 1 in Slings
  1886 | D:2      | Reached skill level 1 in Bows
  1886 | D:2      | Reached skill level 1 in Crossbows
  1886 | D:2      | Reached skill level 1 in Throwing
  1886 | D:2      | Reached skill level 1 in Armour
  1886 | D:2      | Reached skill level 1 in Shields
  1886 | D:2      | Reached skill level 1 in Unarmed Combat
  1886 | D:2      | Reached skill level 1 in Evocations
  2146 | D:2      | Found a burning altar of Makhleb.
  2148 | D:2      | Reached XP level 4. HP: 32/32 MP: 10/13
  2887 | D:3      | Noticed a centaur
  3364 | D:3      | Killed a centaur
  3364 | D:3      | Reached skill level 1 in Hexes
  3364 | D:3      | Reached skill level 1 in Charms
  3364 | D:3      | Reached skill level 1 in Necromancy
  3364 | D:3      | Reached skill level 1 in Transmutations
  3364 | D:3      | Reached skill level 1 in Fire Magic
  3364 | D:3      | Reached skill level 1 in Ice Magic
  3364 | D:3      | Reached skill level 1 in Air Magic
  3364 | D:3      | Reached skill level 1 in Earth Magic
  3364 | D:3      | Reached skill level 1 in Poison Magic
  3364 | D:3      | Reached XP level 5. HP: 29/37 MP: 3/14
  3980 | D:3      | Found a basalt altar of Yredelemnul.
  4394 | D:4      | Found an ornate altar of the Wu Jian Council.
  4416 | D:4      | Reached XP level 6. HP: 44/44 MP: 12/16
  4625 | D:4      | Noticed Natasha
  4720 | D:4      | Killed Natasha
  5011 | D:4      | Reached skill level 5 in Dodging
  5023 | D:4      | Noticed Natasha
  5035 | D:4      | Killed Natasha
  5348 | D:4      | Noticed Robin
  5456 | D:4      | Noticed Natasha
  5490 | D:4      | Killed Natasha
  5574 | D:4      | Found a sacrificial altar of Ru.
  5626 | D:4      | Found a snail-covered altar of Cheibriados.
  5799 | D:4      | Reached XP level 7. HP: 49/50 MP: 7/18
  6310 | D:4      | Killed Robin
  6610 | D:4      | Found a snail-covered altar of Cheibriados.
  6760 | D:4      | Found an ornate altar of the Wu Jian Council.
  6762 | D:4      | Found a sacrificial altar of Ru.
  6872 | D:5      | Entered Level 5 of the Dungeon
  7211 | D:5      | Noticed Blork the orc
  7231 | D:5      | Killed Blork the orc
  7813 | D:5      | Reached skill level 5 in Stealth
  8060 | D:5      | Found a bloodstained altar of Trog.
  8186 | D:5      | Reached XP level 8. HP: 57/57 MP: 19/19
  8523 | D:6      | You fall into a shaft and drop 2 floors!
  8524 | D:8      | Noticed Joseph
  8525 | D:8      | Noticed a wyvern
  8558 | D:8      | Found a shimmering altar of Xom.
  8558 | D:8      | Found a glowing silver altar of Zin.
  8558 | D:8      | Noticed an angel
  8785 | D:7      | Found a sand-covered staircase.
  8790 | Ossuary  | Entered an ossuary
  9291 | Ossuary  | Noticed Menkaure
  9298 | Ossuary  | Killed Menkaure
  9545 | D:7      | Reached skill level 8 in Spellcasting
  9982 | D:7      | Reached XP level 9. HP: 61/65 MP: 21/21
 10192 | D:7      | Noticed Dowan
 10194 | D:7      | Noticed Duvessa
 10221 | D:7      | Killed Duvessa
 10257 | D:7      | Killed Dowan
 10676 | D:7      | Found Poqecuit's Book Boutique.
 11841 | D:6      | Found a staircase to the Ecumenical Temple.
 11885 | Temple   | Entered the Ecumenical Temple
 11966 | Temple   | Became a worshipper of Ashenzari the Shackled
 12239 | D:6      | Learned a level 4 spell: Summon Lightning Spire
 13101 | D:8      | Reached skill level 5 in Invocations
 13261 | D:8      | Killed Joseph
 13261 | D:8      | Reached XP level 10. HP: 33/73 MP: 1/22
 13918 | D:8      | Found a staircase to the Lair.
 13920 | D:8      | Reached skill level 5 in Fighting
 13920 | D:8      | Reached skill level 5 in Short Blades
 13920 | D:8      | Reached skill level 5 in Long Blades
 13920 | D:8      | Reached skill level 5 in Axes
 13920 | D:8      | Reached skill level 5 in Maces & Flails
 13920 | D:8      | Reached skill level 5 in Polearms
 13920 | D:8      | Reached skill level 5 in Staves
 13920 | D:8      | Reached skill level 5 in Slings
 13920 | D:8      | Reached skill level 5 in Bows
 13920 | D:8      | Reached skill level 5 in Crossbows
 13920 | D:8      | Reached skill level 5 in Throwing
 13920 | D:8      | Reached skill level 5 in Armour
 13920 | D:8      | Reached skill level 5 in Shields
 13920 | D:8      | Reached skill level 5 in Unarmed Combat
 13920 | D:8      | Reached skill level 5 in Evocations
 14877 | D:9      | Found a staircase to the Orcish Mines.
 15627 | D:9      | Reached * piety under Ashenzari
 15792 | D:9      | Found a shimmering blue altar of Sif Muna.
 15873 | D:9      | Identified the +5 flail "Arcanum" {pain, rF- Int+5}
 16008 | D:9      | Reached skill level 9 in Spellcasting
 16207 | D:10     | Entered Level 10 of the Dungeon
 16572 | D:10     | Reached skill level 5 in Conjurations
 16572 | D:10     | Reached skill level 5 in Summonings
 16572 | D:10     | Reached skill level 5 in Translocations
 16698 | D:10     | Killed an unseen horror
 17232 | D:10     | Reached XP level 11. HP: 81/81 MP: 15/24
 17406 | D:10     | Noticed Harold
 17425 | D:10     | Killed Harold
 17892 | D:10     | Reached ** piety under Ashenzari
 18105 | D:11     | Found Cajes's Changing Room.
 18112 | D:11     | Noticed a two-headed ogre
 18123 | D:11     | Noticed a brown ugly thing
 18146 | D:11     | Found a flagged portal.
 18151 | Bailey   | Entered a bailey
 19336 | D:11     | Reached skill level 5 in Hexes
 19336 | D:11     | Reached skill level 5 in Charms
 19336 | D:11     | Reached skill level 5 in Necromancy
 19336 | D:11     | Reached skill level 5 in Transmutations
 19336 | D:11     | Reached skill level 5 in Fire Magic
 19336 | D:11     | Reached skill level 5 in Ice Magic
 19336 | D:11     | Reached skill level 5 in Air Magic
 19336 | D:11     | Reached skill level 5 in Earth Magic
 19336 | D:11     | Reached skill level 5 in Poison Magic
 19376 | D:11     | Noticed a two-headed ogre
 19624 | D:11     | Killed a two-headed ogre
 20102 | D:11     | Killed an unseen horror
 20220 | D:11     | Noticed Psyche
 20226 | D:11     | Killed Psyche
 20318 | D:11     | Killed a brown ugly thing
 20782 | D:11     | Killed an unseen horror
 20898 | D:11     | Killed a two-headed ogre
 21058 | D:11     | Bought a book of Transfigurations for 770 gold pieces
 21068 | D:11     | Learned a level 6 spell: Statue Form
 21189 | Lair:1   | Entered Level 1 of the Lair of Beasts
 21609 | Lair:1   | Noticed an oklob plant
 21611 | Lair:1   | Noticed an oklob plant
 21614 | Lair:1   | Identified the Almanac of Supportive Bewitchment
 21656 | Lair:1   | Reached XP level 12. HP: 89/89 MP: 16/25
 21941 | Lair:1   | Noticed Nergalle
 21968 | Lair:1   | Killed Nergalle
 22111 | Lair:1   | Reached *** piety under Ashenzari
 22451 | Lair:1   | Reached skill level 10 in Spellcasting
 23421 | Lair:2   | Found a runed translucent door.
 23429 | Lair:2   | Noticed t4s4d4r's ghost (novice FeIE)
 23770 | Lair:2   | Reached **** piety under Ashenzari
 24641 | Lair:3   | Found a hole to the Spider Nest.
 24759 | Lair:3   | Found a staircase to the Swamp.
 25169 | Lair:4   | Noticed a seven-headed hydra
 25180 | Lair:4   | Killed a seven-headed hydra
 25347 | Lair:4   | Reached XP level 13. HP: 98/98 MP: 27/27
 25603 | Lair:4   | Reached ***** piety under Ashenzari
 26071 | Lair:4   | Noticed a dire elephant
 26216 | Lair:4   | Learned a level 7 spell: Dragon Form
 26239 | Lair:4   | Killed a dire elephant
 27005 | Lair:5   | Found a staircase to the Slime Pits.
 27628 | Lair:5   | Reached skill level 11 in Spellcasting
 27987 | Lair:5   | Reached XP level 14. HP: 106/106 MP: 29/29
 28852 | Orc:1    | Entered Level 1 of the Orcish Mines
 28931 | Orc:1    | Found Maci's Gadget Boutique.
 29071 | Orc:1    | Identified the +8 battleaxe of Hubris {antimagic, +Blink
                  | MR++ MP+9 SInv Stlth-}
 29077 | Orc:1    | Identified the ring of Qouces {Str+4 Dex+6}
 29077 | Orc:1    | Found a bloodstained altar of Trog.
 29077 | Orc:1    | Noticed Jaiteiro's ghost (journeyman VSFi)
 29077 | Orc:1    | Identified the +6 dire flail of Grontol {chaos, *Drain
                  | +Rage rN+ MR+}
 29082 | Orc:1    | Found a transporter.
 29084 | Orc:1    | Found a transporter.
 29140 | Orc:1    | Noticed a stone giant
 29153 | Orc:1    | Killed a stone giant
 29153 | Orc:1    | Reached skill level 10 in Dodging
 29748 | Orc:1    | Noticed an orc warlord
 29765 | Orc:1    | Killed an orc warlord
 30042 | Orc:1    | Found a roughly hewn altar of Beogh.
 30224 | Orc:1    | Paralysed by an orc sorcerer for 7 turns
 30684 | Orc:1    | Reached skill level 10 in Stealth
 30706 | Orc:1    | Mangled by an orc knight

Illustrated notes

Levels and vault maps discovered:
D:1:      minmay_arrival_glassed_features, layout_basic
D:2:      layout_basic, lightli_temple_of_fire, marbit_many_paths
D:3:      layout_loops_ring, lemuel_zombie_altar_yredelemnul
D:4:      layout_gridville, nicolae_overflow_hidden_temple,
          lemuel_crystal_altar, hangedman_abyss_or_decor_lesser_grid,
          serial_bayou_lake_a, uniq_robin, uniq_natasha
D:5:      corexii_shantytown, layout_loops_ring, first_ration, trog_book,
          uniq_blork_the_orc
D:6:      nicolae_whirlpool, layout_loops_corners, temple_hall
D:7:      layout_loops_ring, nicolae_ossuary_entry_false_entrances,
          serial_shops, nicolae_shop_trees, uniq_duvessa
D:8:      layout_loops_ring, grunt_temple_overflow_order_and_chaos_1,
          erik_lair_dragon, hangedman_little_slice_of_home, uniq_joseph
D:9:      layout_irregular_city, hiddenorc2_lemuel, tgw_sif
D:10:     layout_irregular_city, minmay_misc_feat_rows, uniq_harold
D:11:     layout_big_octagon, enter_bailey_3, nicolae_transmutations_shop,
          uniq_psyche
Temple:   nicolae_temple_x_marks_the_god
Lair:1:   layout_loops_ring, minmay_lair_oklob_chamber, uniq_nergalle
Lair:2:   layout_regular_city, ebering_ghost_reflecting_pool, grunt_megastairs_2
Lair:3:   layout_misc_corridors, skrybe_swamp_entry_bodies,
          spider_nest_entry_rubble, cheibrodos_lair_reptile_den
Lair:4:   mu_elephants_graveyard, layout_misc_corridors,
          chequers_serial_rivers_room_a, hangedman_lair_unloving_vines,
          guppyfry_lair_drakes
Lair:5:   layout_regular_city, minmay_slime_entry_jelly_boxes, enter_volcano_4,
          grunt_forest_stairs_basic, beast_lair_carwin_4
Orc:1:    orc_temple, layout_caves, gammafunk_ghost_wrathful_warriors,
          serial_shops, nicolae_shop_waterfront

Skill      XL: |  1  2  3  4  5  6  7  8  9 10 11 12 13 14 |
---------------+-------------------------------------------+-----
Conjurations   | 2 3 4 5 6 7 |  7.9
Summonings     | 2 3 4 5 6 7 |  7.9
Translocations | 2 3 4 5 6 7 |  7.9
Invocations    | 1 2 3 4 5 6 7 8 9 |  9.9
Fighting       | 1 2 3 4 5 6 7 8 9 |  9.1
Short Blades   | 1 2 3 4 5 6 7 8 9 |  9.1
Long Blades    | 1 2 3 4 5 6 7 8 9 |  9.1
Axes           | 1 2 3 4 5 6 7 8 9 |  9.1
Maces & Flails | 1 2 3 4 5 6 7 8 9 |  9.1
Polearms       | 1 2 3 4 5 6 7 8 9 |  9.1
Staves         | 1 2 3 4 5 6 7 8 9 |  9.1
Slings         | 1 2 3 4 5 6 7 8 9 |  9.1
Bows           | 1 2 3 4 5 6 7 8 9 |  9.1
Crossbows      | 1 2 3 4 5 6 7 8 9 |  9.1
Throwing       | 1 2 3 4 5 6 7 8 9 |  9.1
Armour         | 1 2 3 4 5 6 7 8 9 |  9.1
Shields        | 1 2 3 4 5 6 7 8 9 |  9.1
Unarmed Combat | 1 2 3 4 5 6 7 8 9 |  9.1
Evocations     | 1 2 3 4 5 6 7 8 9 |  9.1
Hexes          | 1 2 3 4 5 6 7 |  7.5
Charms         | 1 2 3 4 5 6 7 |  7.5
Necromancy     | 1 2 3 4 5 6 7 |  7.5
Transmutations | 1 2 3 4 5 6 7 |  7.5
Fire Magic     | 1 2 3 4 5 6 7 |  7.5
Ice Magic      | 1 2 3 4 5 6 7 |  7.5
Air Magic      | 1 2 3 4 5 6 7 |  7.5
Earth Magic    | 1 2 3 4 5 6 7 |  7.5
Poison Magic   | 1 2 3 4 5 6 7 |  7.5
Dodging        | 5 6 7 8 9 10 | 10.1
Stealth        | 5 6 7 8 9 10 | 10.0
Spellcasting   | 8 9 10 11 | 11.3

Action                   |  1- 3 |  4- 6 |  7- 9 | 10-12 | 13-15 || total
-------------------------+-------+-------+-------+-------+-------++-------
Melee: Short sword       |       |     1 |   360 |       |       ||   361
       Staff             |       |     7 |    51 |    60 |       ||   118
       Bite              |       |     2 |    58 |    20 |    45 ||   125
       Trident           |       |       |   129 |       |       ||   129
       Unarmed           |       |       |     5 |       |    45 ||    50
       Flail             |       |       |       |   209 |   445 ||   654
       Tailslap          |       |       |       |       |     8 ||     8
       Punch             |       |       |       |       |     2 ||     2
Throw: Dart              |       |       |       |     3 |       ||     3
 Cast: Magic Dart        |    99 |   164 |   165 |   493 |       ||   921
       Call Imp          |     1 |    14 |    31 |     3 |       ||    49
       Mephitic Cloud    |       |     8 |    15 |     2 |     8 ||    33
       Blink             |       |     3 |     4 |     6 |     3 ||    16
       Summon Lightning  |       |       |     8 |   106 |     3 ||   117
       Statue Form       |       |       |       |    13 |    44 ||    57
       Dragon Form       |       |       |       |       |     2 ||     2
Invok: Curse Item        |       |       |     4 |     3 |       ||     7
Evoke: Wand              |       |       |     3 |    14 |     3 ||    20
  Use: Scroll            |       |     7 |    15 |    15 |     5 ||    42
       Potion            |       |       |     4 |     1 |     4 ||     9
 Stab: Sleeping          |       |       |    16 |     9 |    10 ||    35
       Distracted        |       |       |     3 |     3 |     1 ||     7
       Confused          |       |       |     2 |       |     4 ||     6
       Paralysed         |       |       |       |     2 |       ||     2
  Eat: Chunk             |     3 |    11 |    15 |    36 |    22 ||    87
       Ration            |       |       |     3 |     2 |     3 ||     8
Armor: Robe              |     3 |     8 |   116 |    60 |     1 ||   188
       Skin              |       |       |       |    85 |   290 ||   375
Dodge: Dodged            |    14 |    52 |   348 |   542 |   607 ||  1563
Block: Buckler           |       |       |   122 |   200 |   249 ||   571
